 Dungeon Sprint DCSS version 0.31-a0-986-g5e6e4ef867 (webtiles) character file.

Game seed: 2346320627347931994

582 rocky1 the Mimic (level 7, -15/52 HPs)
             Began as a Merfolk Shapeshifter on Nov 24, 2023.
             Was an Initiate of Gozag.
             Killed from afar by a deep elf pyromancer (18 damage)
             ... with a bolt of fire
             ... in the Dungeon (Sprint III: "The Ten Rune Challenge").
             The game lasted 00:02:30 (881 turns).

rocky1 the Mimic (Merfolk Shapeshifter)              Turns: 881, Time: 00:02:30

Health: -15/52     AC:  2    Str: 16    XL:     7   Next: 36%
Magic:  7/7        EV: 15    Int: 10    God:    Gozag
Gold:   322        SH:  0    Dex: 13    Spells: 2/6 levels left

rFire   . .          .
                       - Unarmed
rCold   . . .        (no shield)
rNeg    . . .        a - +0 animal skin
rPois   .            (helmet currently unavailable)
rElec   .            (cloak currently unavailable)
rCorr   .            (gloves currently unavailable)
SInv    .            (boots currently unavailable)
Will    .....        (no amulet)
Stlth   +            (no ring)
HPRegen 0.28/turn    (no ring)
MPRegen 0.10/turn

%: no teleportation
@: beast-form
A: beast (slay +4), (nimble swimmer 2), mertail
a: Begin Untransformation, Renounce Religion, Potion Petition, Call Merchant,
Bribe Branch


You were in the Dungeon.
You worshipped Gozag.
Gozag was aware of your devotion.
You were a hulking beast.
You visited 1 branch You collected 322 gold pieces.

Inventory:

Armour
 a - a +0 animal skin (worn)
Talismans
 c - a beast talisman
 d - a flux talisman
Wands
 t - a wand of charming (8)
Scrolls
 l - a scroll of poison {unknown}
 m - a scroll of identify {unknown}
 o - a scroll of torment {unknown}
 p - a scroll of amnesia {unknown}
Potions
 b - a potion of lignification
 e - 2 potions of curing
 g - a potion of haste
 h - 2 potions of magic
 i - a potion of berserk rage
 k - 3 potions of mutation {unknown}
 n - a potion of brilliance {unknown}
 q - a potion of degeneration {unknown}
 r - a potion of enlightenment {unknown}
Miscellaneous
 s - a phial of floods


   Skills:
 + Level 3.1 Fighting
 + Level 7.1 Dodging
 * Level 11.7 Unarmed Combat
 + Level 0.0 Spellcasting
 + Level 0.0 Translocations
 - Level 3.0 Evocations
 + Level 11.9 Shapeshifting


You had 2 spell levels left.
You knew the following spells:

 Your Spells              Type           Power      Damage    Failure   Level
a - Manifold Assault      Tloc           0%         N/A       98%         4

Your spell library contained the following spells:

 Spells                   Type           Power      Damage    Failure   Level
 Sting                    Tmut/Pois      0%         1d3       36%         1
 Poisonous Vapours        Pois/Air       0%         N/A       50%         2
 Olgreb's Toxic Radiance  Pois           0%         N/A       98%         4
 Dispersal                Tloc           0%         N/A       100%        6
 Disjunction              Tloc           0%         N/A       100%        8


Dungeon Overview and Level Annotations

Branches:
Dungeon (1/1)

Altars:
Cheibriados
Dithmenos
Elyvilon
Fedhas
Gozag
Hepliaklqana
Kikubaaqudgha
Makhleb
Nemelex Xobeh
Qazlal
Ru
Sif Muna
Vehumet
Xom
Yredelemnul
Zin
The Shining One
Jiyva
Lugonu


Innate Abilities, Weirdness & Mutations

You are a hulking beast.
Your limbs bulge with bestial killing power. (Slay +4)
((You are very nimble when in or above water. (Stealth+, EV+, Speed+++)))
Your lower body shifts to a powerful aquatic tail in water.


Message History

You punch the fire elemental!
The fire elemental is heavily damaged.
The deep elf pyromancer gestures wildly while chanting.
The fire elemental hits you. The fire elemental burns you!
The fire elemental barely misses you.
Unknown command.
Blink to where?
Press: ? - help, Dir - move target
As you read the scroll of blinking, it crumbles to dust.
The fire elemental disappears in a puff of smoke!
The fire elemental misses you.
The deep elf pyromancer hits you with a +1 long sword of holy wrath!
You closely miss the deep elf pyromancer.
The deep elf pyromancer is severely wounded.
The fire elemental hits you. The fire elemental burns you!
* * * LOW HITPOINT WARNING * * *
The deep elf pyromancer points at you and mumbles some strange words.
The sticky flame misses you.
Unknown command.
You feel much better. The fire elemental closely misses you.
The deep elf pyromancer casts a spell.
The deep elf pyromancer blinks!
Unknown command.
You completely miss the deep elf pyromancer.
Your punch misses the deep elf pyromancer.
The deep elf pyromancer is severely wounded.
The fire elemental hits you. The fire elemental burns you!
* * * LOW HITPOINT WARNING * * *
Unknown command.
You closely miss the deep elf pyromancer.
The deep elf pyromancer is severely wounded.
The fire elemental hits you.
* * * LOW HITPOINT WARNING * * *
The fire elemental burns you!
* * * LOW HITPOINT WARNING * * *
The fire elemental barely misses you.
The deep elf pyromancer casts a spell at you.
The bolt of fire hits you!!
You die...
Your body crumbles into a pile of gold.

▓▓▓▓ ▓▓▓ .♣.♣ ♣.#####
#### ..♣ ♣.#_○_# #__#
..♣♣ ♣♣.#!.○# #._#
..~♣♣ ♣..###'#+###)##
.~~.♣♣♣♣.#....○E....#
~~~~.....'.⌠..EEhe..#
~≈≈~~~♣♣.#...######'#
~≈~~~....#.⌠.#__#...#
≈~~~.....#...#__#...#
~~.......#)###__#...#
.........#)..#__#...+
.........#___#__'...#
▓▓▓▓▓▓▓▓▓▓▓▓▓▓▓▓▓▓▓▓▓


You could see a deep elf pyromancer and 3 fire elementals.

Vanquished Creatures
  A shadow (D)
  A spatial vortex (D)
  A scorpion (D)
  A necrophage (D)
  A water elemental (D)
  A jelly (D)
  Jessica (D)
  An arcanist (D)
  A necromancer (D)
  A human (D)
  A kobold demonologist (D)
  3 rats (D)
14 creatures vanquished.

Notes
Turn   | Place    | Note
-------+----------+-------------------------------------------
     0 | D        | rocky1 the Merfolk Shapeshifter began the quest for the
                  | Orb.
     0 | D        | Reached XP level 1. HP: 15/15 MP: 1/1
    15 | D        | Noticed Jessica
    19 | D        | Killed Jessica
    20 | D        | Reached skill level 5 in Unarmed Combat
    20 | D        | Reached XP level 2. HP: 11/21 MP: 2/2
    20 | D        | Reached XP level 3. HP: 14/26 MP: 3/3
    85 | D        | Noticed a scorpion
   113 | D        | Killed a scorpion
   114 | D        | Reached XP level 4. HP: 23/33 MP: 4/4
   288 | D        | Noticed a water elemental
   301 | D        | Killed a water elemental
   302 | D        | Reached skill level 5 in Dodging
   302 | D        | Reached XP level 5. HP: 22/38 MP: 5/5
   498 | D        | Noticed a shadow
   508 | D        | Killed a shadow
   509 | D        | Reached skill level 10 in Unarmed Combat
   509 | D        | Reached XP level 6. HP: 25/46 MP: 6/6
   625 | D        | Found a blossoming altar of Fedhas.
   625 | D        | Found a stormy altar of Qazlal.
   625 | D        | Found a snail-covered altar of Cheibriados.
   625 | D        | Found a burning altar of Makhleb.
   625 | D        | Found a shimmering altar of Xom.
   626 | D        | Found a hazy altar of Hepliaklqana.
   626 | D        | Found an opulent altar of Gozag.
   626 | D        | Found a sparkling altar of Nemelex Xobeh.
   626 | D        | Found a corrupted altar of Lugonu.
   626 | D        | Found a viscous altar of Jiyva.
   626 | D        | Noticed a spatial vortex
   630 | D        | Became a worshipper of Gozag Ym Sagoz the Greedy
   645 | D        | Killed a spatial vortex
   646 | D        | Reached XP level 7. HP: 40/51 MP: 7/7
   695 | D        | Found a basalt altar of Yredelemnul.
   695 | D        | Found a shadowy altar of Dithmenos.
   695 | D        | Found a sacrificial altar of Ru.
   828 | D        | Found a radiant altar of Vehumet.
   828 | D        | Found a shimmering blue altar of Sif Muna.
   828 | D        | Found an ancient bone altar of Kikubaaqudgha.
   832 | D        | Noticed an orange demon
   852 | D        | Learned a level 4 spell: Manifold Assault
   868 | D        | Found a glowing silver altar of Zin.
   868 | D        | Found a glowing golden altar of the Shining One.
   868 | D        | Found a white marble altar of Elyvilon.
   869 | D        | Noticed a deep elf pyromancer
   875 | D        | Noticed a fire elemental
   875 | D        | Noticed a fire elemental
   877 | D        | Noticed a fire elemental
   877 | D        | Noticed a fire elemental
   881 | D        | Killed from afar by a deep elf pyromancer

Illustrated notes

Levels and vault maps discovered:
D:        dungeon_sprint_mu [sprint_mu_entry_forest, sprint_mu_temple_rooms,
          sprint_mu_d1_horrors, sprint_mu_d2_genie, sprint_mu_d3_branching,
          sprint_mu_orc_legion, sprint_mu_elf_gauntlet, sprint_mu_hive_nellie,
          sprint_mu_lair_fedhas, sprint_mu_vaults_butterflies,
          sprint_mu_slime_circle, sprint_mu_swamp_cave, sprint_mu_snake_twists,
          sprint_mu_blade_basic, sprint_mu_crypt_fortress,
          sprint_mu_tomb_spiral, sprint_mu_vestibule_basic,
          sprint_mu_gehenna_hellfire, sprint_mu_dis_giant,
          sprint_mu_tartarus_statrot, sprint_mu_cocytus_islands, sprint_mu_zot1]

Skill      XL: |  1  2  3  4  5  6  7 |
---------------+----------------------+-----
Dodging        | 3 4 5 6 7 |  7.1
Unarmed Combat | 5 6 8 10 11 | 11.7
Shapeshifting  | 6 8 9 11 | 11.9
Fighting       | 2 3 |  3.1
Evocations     | 2 3 |  3.0

Action                     |  1- 3 |  4- 6 |  7- 9 || total
---------------------------+-------+-------+-------++-------
  Melee: Unarmed           |    23 |    30 |    21 ||    74
         Tailslap          |     1 |     2 |       ||     3
         Punch             |       |     1 |       ||     1
    Use: Scroll            |       |       |     1 ||     1
         Potion            |       |       |     1 ||     1
 Armour: Animal skin       |     7 |     9 |    15 ||    31
  Dodge: Dodged            |    15 |     9 |     9 ||    33

Table legend: (Time is in decaauts)
 A = Elapsed time spent in this place.
 B = Non-inter-level travel time spent in this place.
 C = Inter-level travel time spent in this place.
 D = Time resting spent in this place.
 E = Time spent auto-exploring this place.
 F = Levels seen in this place.
 G = Mean time per level.
                   A        B        C        D        E       F      G
               +--------+--------+--------+--------+--------+-----+--------+
         Total |    858 |    858 |      0 |    603 |      1 |   1 |  858.0 |
       Dungeon |    858 |    858 |      0 |    603 |      1 |   1 |  858.0 |
               +--------+--------+--------+--------+--------+-----+--------+

Top non-repeatable levels by time:
       D: 858 daAuts
